Selects Advanced Infantry Battlegroup
Selects Artillery Observers
Construct Medical Station
Selects Convert to Ranger Squad
Selects Designate Assault Position
M1918 Browning Automatic Rifles
Construct Weapon Support Center
Selects M2A1 105mm Howitzer Emplacement
Selects M2A1 105mm Howitzer Emplacement
Improved M9 Bazooka Rockets
Selects 155mm Rapid Artillery Barrage
M18 Hellcat Tank Destroyer
155mm Rapid Artillery Barrage
Designate Assault Position
M18 Hellcat Tank Destroyer
Designate Assault Position
M18 Hellcat Tank Destroyer